 Dungeon Crawl Stone Soup version 0.32-a0-599-gba8f9cf90e (webtiles) character file.

Game seed: 6985624143680752291

66 NormalPerson7 the Ruffian (level 4, -7/33 HPs)
             Began as a Merfolk Shapeshifter on Mar 3, 2024.
             Splashed by a jelly's acid (10 damage)
             ... on level 3 of the Dungeon.
             The game lasted 00:02:07 (1811 turns).

NormalPerson7 the Ruffian (Merfolk Shapeshifter)    Turns: 1811, Time: 00:02:08

Health: -7/33      AC: -3    Str: 16    XL:     4   Next: 15%
Magic:  4/4        EV:  9    Int:  9    God:
Gold:   90         SH:  9    Dex: 13    Spells: 3/3 levels left

rFire   . .          .
                       - Unarmed
rCold   . . .        r - +2 kite shield
rNeg    . . .        p - +0 ring mail
rPois   .            (helmet currently unavailable)
rElec   .            (cloak currently unavailable)
rCorr   .            (gloves currently unavailable)
SInv    .            (boots currently unavailable)
Will    .....        (no amulet)
Stlth   +            (no ring)
HPRegen 0.25/turn    (no ring)
MPRegen 0.09/turn

%: no passive effects
@: beast-form, corroded
A: beast (slay +2), (nimble swimmer 2), mertail
a: Begin Untransformation


You were on level 3 of the Dungeon.
You were a hulking beast.
You visited 1 branch of the dungeon, and saw 3 of its levels.

You collected 90 gold pieces.

Inventory:

Armour
 a - a +0 animal skin
 p - a +0 ring mail (worn)
 q - a +0 pair of boots
 r - a +2 kite shield (worn)
Magical Staves
 j - a staff of air
Talismans
 c - a beast talisman (active)
 d - a flux talisman
Scrolls
 e - a scroll of amnesia {unknown}
 g - a scroll of teleportation {unknown}
 n - a scroll of fog {unknown}
 s - a scroll of brand weapon {unknown}
Potions
 b - 2 potions of degeneration {unknown}
 f - 2 potions of enlightenment {unknown}
 h - 3 potions of curing {unknown}
 i - a potion of heal wounds {unknown}
 k - a potion of resistance {unknown}
 l - a potion of attraction {unknown}
 m - a potion of berserk rage {unknown}
 o - a potion of might {unknown}


   Skills:
 - Level 1.6 Fighting
 - Level 3.1 Dodging
 * Level 4.8 Unarmed Combat
 - Level 4.2 Shapeshifting


You had 3 spell levels left.
You didn't know any spells.
Your spell library was empty.

Dungeon Overview and Level Annotations

Branches:
Dungeon (3/15)

Altars:


Innate Abilities, Weirdness & Mutations

You are a hulking beast.
Your limbs bulge with bestial killing power. (Slay +2)
((You are very nimble when in or above water. (Stealth+, EV+, Speed+++)))
Your lower body shifts to a powerful aquatic tail in water.


Message History

You kill the goblin!
No target in view!
You see here a +0 dagger.
Found a stone staircase leading down.
s - a scroll labelled NOEDUL CEGETO
h - 3 red potions (gained 1)
You now have 90 gold pieces (gained 14).
A jelly is nearby!
Unknown command.
You completely miss the jelly. You block the jelly's attack.
You hit the jelly.
Your hands burn!
The jelly is moderately wounded.
The jelly closely misses you.
You hit the jelly. The acid corrodes you!
Your hands burn!
The jelly is moderately wounded.
The jelly barely misses you.
An orc comes into view. It is wielding a +0 short sword.
You hit the jelly. The acid corrodes you!
Your hands burn!
The jelly is severely wounded.
You block the jelly's attack.
You hit the jelly but do no damage.
Your hands burn!
The jelly is severely wounded.
The jelly barely misses you.
You hit the jelly but do no damage.
Your hands burn!
The jelly is severely wounded.
The jelly closely misses you.
You barely miss the jelly.
The jelly is severely wounded.
The jelly hits you.
You are splashed with acid!
* * * LOW HITPOINT WARNING * * *
You barely miss the jelly.
The jelly is severely wounded.
You block the jelly's attack.
You hit the jelly. The acid corrodes you!
Your hands burn!
* * * LOW HITPOINT WARNING * * *
The jelly is severely wounded.
The jelly hits you.
* * * LOW HITPOINT WARNING * * *
The acid corrodes you!
You are splashed with acid!
You die...

####### ####......
####.......##
##########.......###..
#..oJh.....##..####...
..!..#########..##
#.... ##. ......# #.##
#.... #.....####.#
#....
..........#####....
######.
#....#.#...........
.......
#......#######.....
.......## #....#
##.... ........#
#....### #....


You could see a jelly and an orc.

Vanquished Creatures
  3 adders (D:2)
  A dart slug (D:2)
  A ball python (D:1)
  4 endoplasms
  4 giant cockroaches
  5 goblins
  4 hobgoblins
  2 jackals (D:1)
  2 kobolds (D:1)
  2 quokkas
  A bat (D:2)
  A frilled lizard (D:1)
  A rat (D:3)
31 creatures vanquished.

Notes
Turn   | Place    | Note
-------+----------+-------------------------------------------
     0 | D:1      | NormalPerson7 the Merfolk Shapeshifter began the quest for
                  | the Orb.
     0 | D:1      | Reached XP level 1. HP: 15/15 MP: 1/1
   177 | D:1      | Reached XP level 2. HP: 17/21 MP: 2/2
   808 | D:2      | Reached XP level 3. HP: 27/27 MP: 3/3
  1141 | D:2      | Reached XP level 4. HP: 33/33 MP: 4/4
  1811 | D:3      | Splashed by a jelly's acid

Illustrated notes

Levels and vault maps discovered:
D:1:      ncdulo_lavacross, layout_rooms
D:2:      layout_loops_cross
D:3:      layout_rooms, lemuel_doored_altar, ebering_ecumenical_altar_rust

Skill      XL: |  1  2 |
---------------+-------+-----
Dodging        | 3 |  3.1
Unarmed Combat | 4 |  4.8
Fighting       | |  1.6
Shapeshifting  | |  4.2

Action                     |  1- 3 |  4- 6 || total
---------------------------+-------+-------++-------
  Melee: Unarmed           |    80 |    33 ||   113
         Punch             |     2 |     1 ||     3
    Use: Potion            |     1 |       ||     1
   Stab: Sleeping          |     1 |       ||     1
 Armour: Animal skin       |    34 |     5 ||    39
         Skin              |     6 |       ||     6
         Ring mail         |       |     8 ||     8
  Dodge: Dodged            |    40 |    13 ||    53
  Block: Kite shield       |       |     5 ||     5

Table legend: (Time is in decaauts)
 A = Elapsed time spent in this place.
 B = Non-inter-level travel time spent in this place.
 C = Inter-level travel time spent in this place.
 D = Time resting spent in this place.
 E = Time spent auto-exploring this place.
 F = Levels seen in this place.
 G = Mean time per level.
                   A        B        C        D        E       F      G
               +--------+--------+--------+--------+--------+-----+--------+
         Total |   1805 |   1552 |    253 |    250 |    988 |   3 |  601.7 |
       Dungeon |   1805 |   1552 |    253 |    250 |    988 |   3 |  601.7 |
               +--------+--------+--------+--------+--------+-----+--------+

Top non-repeatable levels by time:
     D:2: 942 daAuts
     D:1: 741 daAuts
     D:3: 121 daAuts
